 Dungeon Crawl Stone Soup version 0.28-b1-25-g9875b3fc8c (webtiles) character file.

Game seed: 17601546468384885695

23692 theElss the Fighter (level 13, -11/85 HPs)
             Began as a Gargoyle Berserker on Feb 6, 2022.
             Was a High Priest of Trog.
             Mangled by a centaur warrior simulacrum (14 damage)
             ... on level 12 of the Dungeon.
             The game lasted 00:33:26 (15100 turns).

theElss the Fighter (Gargoyle Berserker)           Turns: 15100, Time: 00:33:27

Health: -11/85     AC: 25    Str: 23    XL:     13   Next: 8%
Magic:  13/13      EV: 16    Int:  9    God:    Trog [*****.]
Gold:   972        SH:  0    Dex:  6    Spells: 12/12 levels left

rFire   . . .      SeeInvis .   a - +7 mace of the Sun {flame, rN+ Dex-5 Stlth+}
rCold   . . .      Faith    .   (no shield)
rNeg    + + .      Spirit   .   m - +0 ring mail
rPois   ∞          Reflect  .   N - +0 helmet
rElec   +          Harm     .   l - +0 cloak
rCorr   .          Rampage  .   (no gloves)
Will    ++...                   t - +0 pair of boots
Stlth   +.........              (no amulet)
HPRegen 1.24/turn               I - +4 ring of evasion
MPRegen 0.13/turn               x - +4 ring of protection

@: strong-willed, on berserk cooldown, regenerating, slowed, very slow
A: sickness immunity, AC +9, negative energy resistance 1, electricity
resistance, torment resistance 1, petrification resistance
a: Renounce Religion, Berserk, Trog's Hand, Brothers in Arms


You were on level 12 of the Dungeon.
You worshipped Trog.
Trog was extremely pleased with you.
You visited 1 branch of the dungeon, and saw 13 of its levels.
You also visited: Bailey.

You collected 972 gold pieces.

Inventory:

Hand Weapons
 a - the +7 mace of the Sun (weapon) {flame, rN+ Dex-5 Stlth+}
   (You found it on level 2 of the Dungeon)

   It burns those it strikes, dealing additional fire damage.
   Dex:       It affects your dexterity (-5).
   rN:        It protects you from negative energy.
   Stlth:     It makes you more stealthy.
 b - a +4 war axe of flaming
 F - a +2 whip of venom
Missiles
 v - a throwing net (quivered)
Armour
 l - a +0 cloak (worn)
 m - a +0 ring mail (worn)
 t - a +0 pair of boots (worn)
 N - a +0 helmet (worn)
Jewellery
 j - an amulet of magic regeneration
 o - a ring of see invisible
 p - a ring of willpower
 x - a +4 ring of protection (right hand)
 G - a +6 ring of strength
 I - a +4 ring of evasion (left hand)
 R - a ring of fire
 T - a +4 ring of evasion
Wands
 h - a wand of paralysis (6)
 D - a wand of polymorph (12)
 H - a wand of digging (9)
 J - a wand of charming (6)
 O - a wand of iceblast (8)
Scrolls
 c - a scroll of brand weapon {unknown}
 e - 2 scrolls of blinking {unknown}
 g - a scroll of fog
 k - 2 scrolls of fear {unknown}
 q - a scroll of amnesia {unknown}
 r - 4 scrolls of noise {unknown}
 s - 2 scrolls of vulnerability {unknown}
 u - 4 scrolls of teleportation {unknown}
 y - 2 scrolls of enchant weapon {unknown}
 A - a scroll of acquirement {unknown}
 K - a scroll of silence {unknown}
 L - 7 scrolls of identify
 M - a scroll of summoning {unknown}
 P - a scroll of enchant armour {unknown}
Potions
 d - 6 potions of curing
 f - 3 potions of lignification
 i - 2 potions of cancellation
 n - 2 potions of brilliance
 w - 2 potions of ambrosia
 z - 5 potions of flight
 B - 2 potions of haste
 C - a potion of might
 Q - a potion of resistance {unknown}
Miscellaneous
 E - a piece from Xom's chessboard (15/15)
 S - a phantom mirror


   Skills:
 + Level 11.7 Fighting
 + Level 10.8 Maces & Flails
 + Level 11.5 Armour
 + Level 8.8 Dodging
 + Level 6.7 Evocations


You had 12 spell levels left.
You didn't know any spells.
Your spell library was empty.

Dungeon Overview and Level Annotations

Branches:
Dungeon (13/15)            Temple (0/1) D:4            Lair (0/6) D:11
    Orc (0/2) D:10         Bailey (visited)
 Vaults: D:13-14

Altars:
Dithmenos
Elyvilon
Gozag
Hepliaklqana
Makhleb
Qazlal
Uskayaw
Wu Jian
Xom
Zin
The Shining One

Shops:
D:7 :   D:13 !

Portals:
Trove: D:12 (give +8 demon whip)


Innate Abilities, Weirdness & Mutations

You are immune to sickness and miasma.
Your stone body is resilient. (AC +9)
You are immune to poison.
You resist negative energy. (rN+)
You are resistant to electric shocks. (rElec)
You are resistant to unholy torment.
You are immune to petrification.


Message History

You hit the white ugly thing. You burn the white ugly thing.
The white ugly thing is moderately wounded.
The white ugly thing kicks you but does no damage.
You hit the white ugly thing. You burn the white ugly thing.
The white ugly thing is moderately wounded.
The white ugly thing misses you.
You thump the white ugly thing! You burn the white ugly thing.
The white ugly thing is heavily wounded.
You closely miss the white ugly thing.
The white ugly thing is heavily wounded.
The white ugly thing kicks you!
* * * LOW HITPOINT WARNING * * *
The white ugly thing freezes you!!
* * * LOW HITPOINT WARNING * * *
You hit the white ugly thing but do no damage.
The white ugly thing is heavily wounded.
Unknown command.
You are too berserk!
Unknown command.
You barely miss the white ugly thing.
The white ugly thing is heavily wounded.
The white ugly thing kicks you but does no damage.
You thump the white ugly thing! You burn the white ugly thing.
The white ugly thing is severely wounded.
The white ugly thing misses you.
You sock the white ugly thing! You burn the white ugly thing.
You kill the white ugly thing!
Trog accepts your kill.
You are no longer berserk.
You are exhausted.
You feel yourself slow down.
Okay, then.
Your skin crawls.
You feel strong-willed.
The centaur warrior simulacrum hits you but does no damage.
The centaur warrior simulacrum closely misses you.
The centaur warrior simulacrum hits you.
* * * LOW HITPOINT WARNING * * *
The centaur warrior simulacrum freezes you!
You die...

#..○.###.O uc###...#..#######
#..#..###.#)####...##........
#.##..###}B.###..#..#........
#####.#....###Q####..#..##.......
......#....###|###......[#.......
......#.##..##B# ##.....###.##...
......#.###.##.##.###)###.#......
..###.#......#.##.........##.....
..# #.###....#.#@#######.#.#.####
...##...#.#..##Z.#...#..##.#.....
...##...'.....#...#.#...##.##....
...##...#.....##.#...#.####.#....
#########..^...#..#.#..##..###.##
...............###...###.#####...
................#.#.#.##.....##.#
###.............##...########.#..
.................##.###......###.


You could see a centaur warrior simulacrum.

Vanquished Creatures
  3 boulder beetles (D:12)
  Erolcha (D:9)
  3 centaur warriors
  A death knight (D:12)
  2 two-headed ogres
  2 death yaks (D:11)
  Sonja (D:11)
  2 orc knights
  3 manticores
  An ugly thing (D:12)
  A cyclops (D:13)
  A tengu conjurer (D:12)
  An unseen horror (D:12)
  4 trolls
  5 slime creatures (D:12)
  2 hornets
  Grinder (D:5)
  2 wraiths
  A shadow (D:11)
  11 yaks
  Grum (D:9)
  5 vampire mosquitoes
  A warg (D:10)
  An acid dragon (D:12)
  A water moccasin (D:6)
  Duvessa (D:6)
  9 orc warriors
  2 ice beasts
  2 black bears
  2 ogres
  A necrophage (D:4)
  2 wolves (D:9)
  9 centaurs
  2 bullfrogs
  2 gnoll sergeants
  3 scorpions
  Dowan (D:6)
  8 killer bees
  3 howler monkeys
  5 wights (D:10)
  2 electric eels (D:9)
  A crimson imp (D:8)
  A centaur zombie (D:9)
  2 jellies
  Crazy Yiuf (D:2)
  A centaur skeleton (D:5)
  9 orc priests
  A bullfrog skeleton (D:3)
  3 iguanas
  15 orc wizards
  2 killer bee zombies
  A hound skeleton (D:4)
  15 gnolls
  5 adders
  2 shadow imps (D:6)
  2 white imps
  2 adder skeletons (D:4)
  A worm (D:4)
  3 dart slugs
  53 orcs
  2 endoplasms (D:1)
  4 giant cockroaches
  43 goblins
  30 hobgoblins
  3 jackals (D:1)
  4 quokkas
  7 ball pythons
  5 bats
  2 frilled lizards
  25 kobolds
  7 rats
363 creatures vanquished.

Vanquished Creatures (collateral kills)
  Erica (D:11)
  A death yak (D:11)
  3 meliai zombies (D:11)
  4 yaks (D:11)
  An orc warrior (Bailey)
  A kobold brigand (D:11)
  A hobgoblin (Bailey)
  3 kobolds (D:11)
15 creatures vanquished.

Vanquished Creatures (others)
  An orc (D:10)
  35 plants
36 creatures vanquished.

Grand Total: 414 creatures vanquished

Notes
Turn   | Place    | Note
-------+----------+-------------------------------------------
     0 | D:1      | theElss the Gargoyle Berserker began the quest for the Orb.
     0 | D:1      | Reached XP level 1. HP: 14/14 MP: 1/1
   496 | D:1      | Reached XP level 2. HP: 19/19 MP: 2/2
   942 | D:1      | Reached XP level 3. HP: 18/23 MP: 3/3
  1510 | D:2      | Found a faded altar of an unknown god.
  1861 | D:2      | Reached XP level 4. HP: 19/29 MP: 4/4
  1863 | D:2      | Reached ** piety under Trog
  2009 | D:2      | Found a runed translucent door.
  2010 | D:2      | Noticed Crazy Yiuf
  2247 | D:2      | Paralysed by Crazy Yiuf for 2 turns
  2251 | D:2      | Killed Crazy Yiuf
  2258 | D:2      | Identified the +7 mace of the Sun {flame, rN+ Dex-5 Stlth+}
  2642 | D:3      | Reached XP level 5. HP: 29/33 MP: 5/5
  2670 | D:3      | Found a shimmering altar of Xom.
  2849 | D:3      | Found a glowing silver altar of Zin.
  2909 | D:4      | Noticed an ogre
  2914 | D:4      | Killed an ogre
  2915 | D:4      | Reached XP level 6. HP: 39/39 MP: 6/6
  2998 | D:4      | Found a staircase to the Ecumenical Temple.
  3527 | D:4      | Noticed a necrophage
  3533 | D:4      | Killed a necrophage
  3534 | D:4      | Reached skill level 5 in Fighting
  3534 | D:4      | Reached XP level 7. HP: 44/44 MP: 7/7
  3836 | D:5      | Entered Level 5 of the Dungeon
  4062 | D:5      | Found an ornate altar of the Wu Jian Council.
  4082 | D:5      | Found a stormy altar of Qazlal.
  4257 | D:5      | Reached *** piety under Trog
  4401 | D:5      | Reached skill level 5 in Maces & Flails
  4431 | D:5      | Found an opulent altar of Gozag.
  4831 | D:5      | Reached skill level 5 in Armour
  4978 | D:5      | Noticed Grinder
  4984 | D:5      | Killed Grinder
  4985 | D:5      | Reached XP level 8. HP: 51/51 MP: 8/8
  4990 | D:5      | Identified the +5 robe of Zisixoesh {rC++ rN+ Str+3}
  5302 | D:5      | Reached **** piety under Trog
  6036 | D:6      | Found a hazy altar of Hepliaklqana.
  6040 | D:6      | Noticed a troll
  6056 | D:6      | Killed a troll
  6059 | D:6      | Reached XP level 9. HP: 56/56 MP: 9/9
  6076 | D:6      | Reached skill level 5 in Dodging
  6126 | D:6      | Noticed Dowan
  6129 | D:6      | Noticed Duvessa
  6146 | D:6      | Killed Duvessa
  6149 | D:6      | Killed Dowan
  6549 | D:6      | Found a hide-covered altar of Uskayaw.
  6709 | D:7      | Found a shadowy altar of Dithmenos.
  7494 | D:7      | Found Boenamn's Book Shoppe.
  7775 | D:8      | Reached ***** piety under Trog
  7790 | D:8      | Reached XP level 10. HP: 30/64 MP: 10/10
  8246 | D:8      | Found a burning altar of Makhleb.
  8492 | D:9      | Found a flagged portal.
  8509 | Bailey   | Entered a bailey
  8663 | Bailey   | Received a gift from Trog
  8663 | Bailey   | Noticed an orc knight
  8684 | Bailey   | Killed an orc knight
  8685 | Bailey   | Reached skill level 1 in Evocations
  9096 | D:9      | Noticed a two-headed ogre
  9108 | D:9      | Killed a two-headed ogre
 10026 | D:9      | Found a white marble altar of Elyvilon.
 10090 | D:9      | Noticed Erolcha
 10098 | D:9      | Killed Erolcha
 10099 | D:9      | Reached XP level 11. HP: 71/71 MP: 11/11
 10171 | D:9      | Noticed Grum
 10185 | D:9      | Killed Grum
 10460 | D:9      | Noticed a manticore
 10463 | D:9      | Killed a manticore
 10688 | D:10     | Entered Level 10 of the Dungeon
 10749 | D:10     | Found a glowing golden altar of the Shining One.
 11348 | D:10     | Found a staircase to the Orcish Mines.
 11475 | D:10     | Noticed a two-headed ogre
 11485 | D:10     | Killed a two-headed ogre
 11486 | D:10     | Reached skill level 10 in Fighting
 11929 | D:11     | Found a staircase to the Lair.
 11930 | D:11     | Noticed a death yak
 11931 | D:11     | Noticed a death yak
 11931 | D:11     | Noticed a death yak
 11952 | D:11     | Killed a death yak
 11961 | D:11     | Killed a death yak
 11967 | D:11     | Reached skill level 10 in Armour
 11973 | D:11     | Killed a death yak
 11973 | D:11     | Noticed Erica
 11976 | D:11     | Reached skill level 5 in Evocations
 11976 | D:11     | Killed Erica
 11977 | D:11     | Reached XP level 12. HP: 20/79 MP: 12/12
 12373 | D:11     | Noticed Sonja
 12417 | D:11     | Killed Sonja
 12908 | D:12     | Reached skill level 10 in Maces & Flails
 13453 | D:12     | You fall into a shaft and drop 1 floor!
 13467 | D:13     | Noticed a centaur warrior
 13478 | D:13     | Killed a centaur warrior
 13658 | D:13     | Found Paoqaiq's Distillery.
 14067 | D:12     | Noticed a centaur warrior
 14079 | D:12     | Killed a centaur warrior
 14247 | D:12     | Noticed a boulder beetle
 14279 | D:12     | Killed a boulder beetle
 14643 | D:12     | Found a portal to a secret trove of treasure.
 14766 | D:12     | Noticed a death knight
 14786 | D:12     | Killed a death knight
 15058 | D:12     | Noticed a boulder beetle
 15059 | D:12     | Noticed a boulder beetle
 15059 | D:12     | Noticed an ogre mage
 15060 | D:12     | Noticed a centaur warrior
 15082 | D:12     | Killed a centaur warrior
 15086 | D:12     | Killed a boulder beetle
 15087 | D:12     | Reached XP level 13. HP: 57/84 MP: 13/13
 15095 | D:12     | HP: 3/127 [white ugly thing (21)]
 15100 | D:12     | HP: 3/85 [centaur warrior simulacrum (1)]
 15100 | D:12     | Mangled by a centaur warrior simulacrum

Illustrated notes

Levels and vault maps discovered:
D:1:      dpeg_arrival_water_temple_mockup, layout_loops_ring,
          roderic_malta_cross
D:2:      kennysheep_big_flooded_room, layout_rooms,
          ebering_ecumenical_altar_hall, minivault_26, st_stairs_2,
          uniq_crazy_yiuf_cottage
D:3:      layout_rooms, overflow_temple_1_default, mainiacjoe_overflow_alcove_4
D:4:      layout_cave_pods, minmay_temple_entry_slanted, st_stairs_10
D:5:      minmay_goblin_kobold_castle, layout_loops_ring,
          pdpol_wu_jian_five_deadly_venoms, mainiacjoe_overflow_24_doors,
          mainiacjoe_overflow_paths, minmay_misc_feat_ornament, uniq_grinder
D:6:      layout_loops_ring, general_overflow_altar, kennysheep_mini_moat,
          uniq_duvessa
D:7:      layout_loops_ring, mainiacjoe_overflow_brackets, serial_shops, shop,
          nicolae_figureground_sparkle
D:8:      layout_rooms, makhleb_grotto_becter
D:9:      layout_stronghold, nicolae_elyvilon_temple_path, enter_bailey_5,
          uniq_grum, uniq_erolcha
D:10:     layout_loops_ring, lemuel_round_altar, erik_orc_4, kennysheep_boxes
D:11:     lemuel_flame_loot_2, layout_cave_pools, dpeg_lair_monsters,
          uniq_sonja, uniq_erica
D:12:     minmay_the_grid_triangle_9x9_rhombus_thin
          [minmay_the_grid_triangle_9x9_dagger,
          minmay_the_grid_triangle_9x9_prize_insulated,
          minmay_the_grid_triangle_9x9_impossible_snake,
          minmay_the_grid_triangle_9x9_zippers_vertical], layout_stronghold,
          enter_trove_3
D:13:     layout_roguey, hangedman_vaults_entry_quadrant_bands, serial_shops,
          shop, kennysheep_just_a_vault

Skill      XL: |  1  2  3  4  5  6  7  8  9 10 11 12 |
---------------+-------------------------------------+-----
Dodging        | 2 3 4 6 7 8 |  8.8
Fighting       | 4 5 6 8 9 10 11 | 11.7
Armour         | 3 4 5 6 7 9 10 11 | 11.5
Maces & Flails | 4 5 6 7 8 9 10 | 10.8
Evocations     | 3 5 6 |  6.7

Action                   |  1- 3 |  4- 6 |  7- 9 | 10-12 | 13-15 || total
-------------------------+-------+-------+-------+-------+-------++-------
Melee: Mace              |   111 |    86 |   330 |   544 |    13 ||  1084
       Punch             |     1 |     1 |     5 |     9 |       ||    16
       Whip              |       |       |       |    30 |       ||    30
       War axe           |       |       |       |    14 |       ||    14
Invok: Berserk           |     1 |     3 |     5 |    14 |       ||    23
       Trog's Hand       |       |       |       |     3 |     1 ||     4
       Brothers in Arms  |       |       |       |     2 |       ||     2
  Use: Scroll            |       |       |    11 |     2 |       ||    13
       Potion            |       |       |       |     1 |       ||     1
 Stab: Sleeping          |       |       |     1 |       |       ||     1
       Distracted        |       |       |       |     1 |       ||     1
Armor: Animal skin       |    51 |       |       |       |       ||    51
       Ring mail         |    10 |    20 |   226 |   411 |     3 ||   670
       Skin              |       |       |       |    33 |       ||    33
Dodge: Dodged            |    73 |    45 |   244 |   557 |     4 ||   923
